Map: Winter Madness LE

Players

HuShang

  • Race: Protoss Protoss
  • Spawn Location: 5:00

A.I. 2 (Very Easy) - Winner!

  • Race: Terran Terran
  • Spawn Location: 11:00

VOD

Have the link to the VOD?

Description

Time

  • Played on: Nov. 22, 2025, 4:37 p.m.
  • Length: 4:52
Show
View Real Time Build Order
Export as new Build Order

HuShang Protoss 

Build Orders: 1 Gate Expand, Blink Stalkers 

Get SALT Encoding   

  12  0:00  Probe  
  13  0:12  Probe  
  14  0:18  Pylon  
  14  0:25  Probe  
  15  0:36  Probe  
  15  0:37  Gateway  
  16  0:44  Probe  
  16  0:45  Assimilator  
  17  0:52  Probe  
  18  1:03  Probe  
  19  1:15  Probe  
  20  1:24  Cybernetics Core  
  20  1:27  Probe  
  21  1:36  Nexus  
  21  1:44  Pylon  
  21  1:47  Assimilator  
  21  1:51  Probe, Stalker  
  22  2:02  Warp Gate  
  22  2:05  Probe  
  25  2:17  Probe  
  26  2:29  Probe  
  27  2:30  Twilight Council, Stalker  
  29  2:37  Blink  
  29  2:41  Probe  
  30  2:51  Probe  
  30  2:52  Probe  
  32  3:00  Probe  
  32  3:05  Probe  
  34  3:09  Probe  
  34  3:12  Gateway  
  35  3:17  Probe, Gateway  
  36  3:21  Probe  
  37  3:29  Probe, Shield Battery  
  37  3:33  Probe  
  39  3:38  Shield Battery  
  39  3:41  Probe  
  40  3:45  Probe, Pylon  
  41  3:52  Robotics Facility  
  41  3:53  Probe  
  41  3:55  Stalker  
  44  3:57  Probe  
  45  4:05  Probe  
  45  4:07  Sentry  
  45  4:09  Probe  
  49  4:17  Probe  
  49  4:20  Assimilator  
  49  4:21  Probe  
  51  4:24  Pylon  
  51  4:27  Stalker  
  54  4:31  Pylon  
  54  4:36  Pylon  
  54  4:42  Nexus  
  54  4:45  Stalker x2  
Show
View Real Time Build Order
Export as new Build Order

A.I. 2 (Very Easy) Terran - Winner!

Build Orders: Reaper Expand 

Get SALT Encoding   

  12  0:00  SCV  
  13  0:13  SCV  
  14  0:18  Supply Depot  
  14  0:42  Barracks  
  14  1:02  Command Center  
  14  1:30  Orbital Command, Supply Depot  
  14  1:31  Marine  
  15  1:35  Refinery  
  15  1:47  Refinery  
  15  1:56  SCV  
  16  2:08  SCV  
  17  2:14  SCV  
  18  2:16  Reaper  
  18  2:22  SCV  
  20  2:29  SCV  
  21  2:36  SCV  
  22  2:43  SCV  
  23  2:50  SCV  
  24  2:57  SCV  
  25  3:03  Refinery  
  25  3:04  SCV  
  25  3:05  Marine  
  26  3:12  SCV  
  28  3:19  SCV  
  29  3:23  Factory  
  29  3:26  SCV  
  30  3:47  Refinery  
  30  3:48  SCV  
  31  3:54  Marine  
  32  3:57  Supply Depot  
  32  3:59  SCV  
  33  4:07  SCV  
  34  4:11  Starport  
  34  4:14  SCV, Barracks Tech Lab  
  35  4:21  SCV  
  36  4:28  SCV  
  37  4:31  Supply Depot  
  37  4:35  SCV  
  41  4:49  Starport Tech Lab  
Tags
 
Add a new tag
Caveats
  • Supply blocks, unpowered buildings, or Contaminate may cause inaccurate times.
  • Supply counts are checked every 10 seconds.